Map: Winter's Gate LE

Players

Djorn - Winner!

  • Race: Protoss Protoss
  • Spawn Location: 5:00

VOD

Have the link to the VOD?

Description

Time

  • Played on: Aug. 22, 2019, 12:14 a.m.
  • Length: 11:23
Show
View Real Time Build Order
Export as new Build Order

Djorn Protoss - Winner!

Build Orders:  

Get SALT Encoding   

  13  0:10  Probe (Chrono Boost)  
  13  0:38  Probe (Chrono Boost)  
  14  0:41  Pylon  
  14  0:55  Probe (Chrono Boost)  
  15  1:17  Gateway  
  15  1:19  Probe (Chrono Boost)  
  16  1:30  Probe (Chrono Boost)  
  17  1:43  Probe (Chrono Boost)  
  19  2:00  Probe (Chrono Boost), Assimilator  
  19  2:17  Probe (Chrono Boost)  
  20  2:46  Probe (Chrono Boost)  
  21  3:06  Pylon  
  21  3:25  Cybernetics Core  
  21  3:33  Nexus  
  21  3:46  Probe (Chrono Boost)  
  22  4:09  Probe (Chrono Boost)  
  23  4:32  Pylon  
  23  4:37  Shield Battery  
  23  4:39  Probe (Chrono Boost)  
  24  4:49  Gateway  
  24  5:08  Twilight Council  
  24  5:19  Assimilator  
  24  5:22  Probe (Chrono Boost)  
  25  5:33  Probe (Chrono Boost)  
  25  5:38  Warp Gate  
  27  5:40  Probe (Chrono Boost)  
  27  5:47  Probe (Chrono Boost)  
  28  5:57  Probe (Chrono Boost)  
  29  6:03  Probe (Chrono Boost)  
  29  6:04  Gateway  
  30  6:10  Gateway  
  30  6:14  Probe (Chrono Boost)  
  32  6:20  Probe (Chrono Boost)  
  33  6:30  Probe (Chrono Boost)  
  33  6:49  Probe (Chrono Boost)  
  34  6:53  Probe (Chrono Boost)  
  34  6:59  Zealot x2  
  39  7:06  Probe (Chrono Boost)  
  41  7:10  Probe (Chrono Boost)  
  41  7:16  Gateway  
  41  7:23  Probe (Chrono Boost)  
  42  7:33  Charge  
  42  7:34  Pylon  
  47  7:40  Pylon, Probe (Chrono Boost)  
  43  7:48  Pylon  
  43  7:53  Zealot  
  43  7:54  Zealot x3  
  43  7:56  Pylon  
  51  8:03  Probe (Chrono Boost)  
  52  8:13  Assimilator  
  52  8:16  Assimilator  
  52  8:27  Adept x3  
  52  8:28  Adept  
  58  8:54  Zealot  
  58  8:55  Zealot x2  
  64  9:00  Adept x2  
  68  9:24  Probe (Chrono Boost)  
  70  9:41  Probe (Chrono Boost)  
  70  9:44  Dark Shrine  
  70  9:57  Robotics Facility  
  70  9:58  Probe (Chrono Boost)  
  65  10:52  Unknown  
  65  10:53  Zealot  
  65  10:54  Zealot x4  
Tags
 
Matchup
Co-op
Replay Pack
sc2replays
Add a new tag
Caveats
  • Supply blocks, unpowered buildings, or Contaminate may cause inaccurate times.
  • Supply counts are checked every 10 seconds.